[Event "Titled Tuesday Blitz March 29 Early 2022"]
[White "Garagulya, Konstantin"]
[Black "Pakleza, Zbigniew"]
[WhiteFideId "4128931"]
[BlackFideId "1119290"]
[WhiteElo "2329"]
[BlackElo "2467"]
[Result "1/2-1/2"]
[Round "03"]
[TimeControl "180+1"]
[Date "2022.03.29"]
[WhiteClock "0:00:16"]
[BlackClock "0:00:13"]

1. d4 d6 2. e4 Nf6 3. Nc3 c6 4. Nf3 Bg4 5. h3 Bh5 6. Be2 e6 7. O-O Be7 8. Be3 d5 9. exd5 cxd5 10. Ne5 Bxe2 11. Nxe2 O-O 12. Nf4 Nc6 13. Nfd3 Qb6 14. c3 Rfd8 15. Qb3 Qa6 16. f3 Nd7 17. Nxd7 Rxd7 18. Rad1 Na5 19. Qc2 Nc4 20. Bf4 Rc8 21. Rfe1 b5 22. b3 Nb6 23. b4 Qa4 24. Re2 Qxc2 25. Rxc2 Nc4 26. Nc5 Bxc5 27. bxc5 f6 28. a4 bxa4 29. Ra1 a3 30. Bc1 Rc6 31. Bxa3 Ra6 32. Rca2 Rb7 33. Bb4 Rxa2 34. Rxa2 a5 35. Bxa5 Ra7 36. c6 Nxa5 37. c7 Rxc7 38. Rxa5 Rxc3 39. Ra8+ Kf7 40. Ra7+ Kf8 41. Ra8+ Kf7 42. Ra7+ Kg6 43. Re7 Rd3 44. Rxe6 Rxd4 45. Kf2 Rd2+ 46. Kg3 h5 47. h4 Kf5 48. Rd6 g5 49. Rd8 d4 50. hxg5 fxg5 51. Rd5+ Kf6 52. Rd6+ Ke5 53. Rg6 Kf5 54. Rd6 d3 55. Rd5+ Kf6 56. Rd6+ Ke5 57. Rg6 Kf5 58. Rd6 h4+ 59. Kh3 Rd1 60. Kh2 d2 61. Rd8 Kf4 62. Rd7 Ke3 63. Re7+ Kf2 64. Rd7 Kf1 65. Rd6 Ke2 66. Re6+ Kf2 67. Rd6 h3 68. gxh3 Kxf3 69. Rf6+ Ke4 70. Rd6 Kf4 71. Rd8 Ke3 72. Re8+ Kf3 73. Rf8+ Ke4 74. Re8+ Kd3 75. Rd8+ Kc3 76. Rc8+ Kb4 77. Rb8+ Kc5 78. Rd8 Kc4 79. Rc8+ Kd3 80. Rd8+ Ke3 81. Re8+ Kf2 82. Rf8+ Ke1 83. Re8+ Kf1 84. Rf8+ Ke2 85. Re8+ Kd3 86. Rd8+ 1/2-1/2


[Site "https://www.chess.com"]

[Event "Titled Tuesday Blitz March 29 Early 2022"]
[White "Garcia Fuentes, Sergio Miguel"]
[Black "Kejzar, Petra"]
[WhiteFideId "7300549"]
[BlackFideId "14610213"]
[WhiteElo "2167"]
[BlackElo "2003"]
[Result "1/2-1/2"]
[Round "03"]
[TimeControl "180+1"]
[Date "2022.03.30"]
[WhiteClock "0:00:32"]
[BlackClock "0:02:03"]

1. Nf3 Nf6 2. g3 d5 3. Bg2 e6 4. d4 Be7 5. c4 O-O 6. O-O c6 7. Nc3 Nbd7 8. Nd2 b6 9. e4 dxe4 10. Ndxe4 Bb7 11. Qc2 Rc8 12. Rd1 Nxe4 13. Nxe4 Nf6 14. Nc3 Qd7 15. Bf4 Rfd8 16. Rac1 Bd6 17. Bg5 Be7 18. Bf4 Bd6 19. Bg5 Be7 20. Bf4 1/2-1/2


[Site "https://www.chess.com"]

[Event "Titled Tuesday Blitz March 29 Early 2022"]
[White "Glavina, Pablo"]
[Black "Sanchez, Robert"]
[WhiteFideId "100234"]
[BlackFideId "2034360"]
[WhiteElo "2369"]
[BlackElo "2249"]
[Result "0-1"]
[Round "03"]
[TimeControl "180+1"]
[Date "2022.03.30"]
[WhiteClock "0:00:06"]
[BlackClock "0:00:21"]

1. e4 e6 2. d4 d5 3. Nd2 Nf6 4. e5 Nfd7 5. f4 c5 6. Ngf3 Nc6 7. Nb3 a5 8. a4 cxd4 9. Nbxd4 Nc5 10. Bb5 Bd7 11. O-O Be7 12. Be3 O-O 13. Kh1 Ne4 14. Bd3 Nxd4 15. Nxd4 Nc5 16. Bb5 Ne4 17. Bd3 Nc5 18. Bb5 Ne4 19. c3 Bxb5 20. Nxb5 f6 21. Bd4 Rc8 22. Qg4 f5 23. Qe2 Rf7 24. Na7 Ra8 25. Nb5 g5 26. Qh5 Rg7 27. Rae1 g4 28. Nd6 Rg6 29. Nxe4 dxe4 30. h3 Qf8 31. hxg4 Rh6 32. Kg1 Rxh5 33. gxh5 Qe8 34. Re3 Qxh5 35. Rh3 Qe2 36. Rf2 Qd1+ 37. Rf1 Qxa4 38. Kf2 Qc2+ 39. Ke1 a4 40. Rfh1 a3 41. Rxh7 Qc1+ 42. Ke2 Qxh1 43. Rxh1 a2 44. Ra1 Kg7 45. Ke3 Kg6 46. g4 b5 47. gxf5+ exf5 48. b4 Kh5 49. Rg1 a1=Q 50. Rxa1 Rxa1 51. c4 Rb1 52. cxb5 Rxb4 53. b6 Kg4 54. Kd2 Kf3 55. Kc3 Kxf4 56. b7 Rxb7 57. Kc4 e3 58. Kc3 Kf3 59. Kd3 f4 60. e6 Rb3+ 61. Bc3 Rxc3+ 62. Kxc3 e2 63. Kd2 Kf2 0-1


[Site "https://www.chess.com"]

[Event "Titled Tuesday Blitz March 29 Early 2022"]
[White "Golubev, Mikhail"]
[Black "Einarsson, Halldor Gretar"]
[WhiteFideId "14100983"]
[BlackFideId "2300150"]
[WhiteElo "2374"]
[BlackElo "2114"]
[Result "1-0"]
[Round "03"]
[TimeControl "180+1"]
[Date "2022.03.30"]
[WhiteClock "0:00:04"]
[BlackClock "0:00:03"]

1. e4 e5 2. Nf3 Nc6 3. Bb5 Nf6 4. O-O Nxe4 5. Re1 Nd6 6. Bf1 Be7 7. Nc3 f6 8. d4 exd4 9. Nd5 O-O 10. Nxd4 Re8 11. Bf4 Bf8 12. Rxe8 Nxe8 13. Bc4 Kh8 14. Nxc6 bxc6 15. Qd3 Bb7 16. Ne3 d5 17. Ba6 Qc8 18. Bxb7 Qxb7 19. b3 Nd6 20. Bxd6 Bxd6 21. c3 Re8 22. g3 Qc8 23. Rd1 Qe6 24. c4 dxc4 25. Nxc4 Bc5 26. Qf3 Bb6 27. Rf1 h6 28. Kg2 Qe4 29. Rd1 Qxf3+ 30. Kxf3 Kg8 31. Rd7 Kf8 32. Nxb6 cxb6 33. Rxa7 Rd8 34. Ra6 Rb8 35. Ke4 Ke7 36. Kf5 Kd6 37. Kg6 Rb7 38. Ra8 Kc5 39. Rg8 Kb4 40. Rxg7 Rb8 41. Kxf6 c5 42. Kg6 b5 43. Rc7 c4 44. bxc4 bxc4 45. f4 c3 46. f5 Rb5 47. f6 Rc5 48. Rxc5 Kxc5 49. f7 c2 50. f8=Q+ 1-0


[Site "https://www.chess.com"]

[Event "Titled Tuesday Blitz March 29 Early 2022"]
[White "Goryachkina, Aleksandra"]
[Black "Perez Ponsa, Federico"]
[WhiteFideId "4147103"]
[BlackFideId "117927"]
[WhiteElo "2426"]
[BlackElo "2672"]
[Result "0-1"]
[Round "03"]
[TimeControl "180+1"]
[Date "2022.03.29"]
[WhiteClock "0:00:01"]
[BlackClock "0:00:15"]

1. e4 c5 2. Nf3 d6 3. c3 Nf6 4. Be2 g6 5. O-O Bg7 6. Bb5+ Bd7 7. Bxd7+ Nfxd7 8. d4 O-O 9. Re1 cxd4 10. cxd4 Nc6 11. Nc3 Rc8 12. Bf4 Re8 13. Rc1 a6 14. h3 b5 15. Qd2 Nb6 16. b3 e6 17. d5 Ne5 18. Nxe5 dxe5 19. Be3 b4 20. Na4 Nxa4 21. bxa4 exd5 22. exd5 Qd7 23. d6 a5 24. Bb6 Bf8 25. Bc7 Re6 26. Qd5 Bxd6 27. Bxd6 Rxc1 28. Rxc1 Qxd6 29. Qxa5 Qd2 30. Rc8+ Kg7 31. Qc5 Rd6 32. Qxe5+ Kh6 33. Qe3+ Qxe3 34. fxe3 Ra6 35. Rb8 Rxa4 36. Kh2 f5 37. Kg3 Kg5 38. Rb6 Ra3 39. Rxb4 Rxe3+ 40. Kf2 Ra3 41. Rb2 Kh4 42. Rd2 f4 43. Rb2 g5 44. Rc2 h5 45. Rb2 g4 46. hxg4 hxg4 47. Rc2 Re3 48. Rb2 g3+ 49. Kf1 Kg4 50. Rc2 Rd3 51. Rb2 Rc3 52. Rd2 Rc1+ 53. Ke2 Rg1 54. Kd3 f3 55. gxf3+ Kxf3 56. Kc4 g2 57. Rd3+ Ke2 58. Rg3 Rc1+ 59. Kb5 g1=Q 60. Rxg1 Rxg1 61. a4 Rb1+ 62. Kc6 Ra1 63. Kb5 Kd3 64. a5 Kd4 65. a6 Kd5 66. Kb6 Kd6 67. a7 Rb1+ 68. Ka6 Kc7 69. a8=Q Ra1+ 70. Kb5 Rxa8 0-1


[Site "https://www.chess.com"]

[Event "Titled Tuesday Blitz March 29 Early 2022"]
[White "Gurevich, Dmitry"]
[Black "Prohorov, Olexandr"]
[WhiteFideId "2000407"]
[BlackFideId "14105578"]
[WhiteElo "2506"]
[BlackElo "1993"]
[Result "1/2-1/2"]
[Round "03"]
[TimeControl "180+1"]
[Date "2022.03.30"]
[WhiteClock "0:00:38"]
[BlackClock "0:00:06"]

1. d4 g6 2. c4 Bg7 3. e4 d6 4. Nc3 e5 5. d5 a5 6. Nf3 Na6 7. Be2 Bd7 8. O-O Nc5 9. Ne1 Nf6 10. f3 O-O 11. Be3 b6 12. Qd2 Qe7 13. Nd3 Ne8 14. b3 f5 15. Rab1 f4 16. Bf2 g5 17. a3 Rf6 18. b4 axb4 19. axb4 Nxd3 20. Qxd3 h5 21. Ra1 Rd8 22. c5 bxc5 23. bxc5 Rg6 24. c6 Bc8 25. h3 Nf6 26. Ra7 g4 27. fxg4 hxg4 28. hxg4 Bxg4 29. Nb5 Ne8 30. Bb6 Qh4 31. Bxc7 Nxc7 32. Nxc7 Bh3 33. Rf2 Rb8 34. Rb7 Rf8 35. Ne6 Bxe6 36. dxe6 Rh6 37. Rf3 Qh1+ 38. Kf2 Qh4+ 39. Kg1 Qh1+ 40. Kf2 Qh4+ 41. Kg1 1/2-1/2


[Site "https://www.chess.com"]

[Event "Titled Tuesday Blitz March 29 Early 2022"]
[White "Hakobyan, Aram"]
[Black "Aradhya, Garg"]
[WhiteFideId "13306677"]
[BlackFideId "25006746"]
[WhiteElo "2557"]
[BlackElo "2169"]
[Result "1-0"]
[Round "03"]
[TimeControl "180+1"]
[Date "2022.03.29"]
[WhiteClock "0:00:47"]
[BlackClock "0:00:06"]

1. d4 d5 2. c4 e6 3. Nc3 Nf6 4. Bg5 Be7 5. Nf3 O-O 6. e3 h6 7. Bxf6 Bxf6 8. Qc2 c5 9. dxc5 Na6 10. cxd5 Nxc5 11. Rd1 Qa5 12. Be2 Na4 13. Nd4 Nxc3 14. bxc3 Qxd5 15. O-O Qc5 16. Bf3 Rb8 17. Qb3 e5 18. Ne2 Be6 19. Bd5 Bg4 20. Rd2 b5 21. Ng3 Be7 22. h3 Bc8 23. Rfd1 Qa3 24. Bxf7+ Kh8 25. Bd5 a5 26. Qc2 Qc5 27. Qg6 Rb6 28. Qh5 Qxc3 29. Be4 Rbf6 30. Rc2 Qa3 31. Bd3 Bb7 32. Ne4 Bxe4 33. Bxe4 Qa4 34. Qxe5 Bb4 35. Rd7 Qa3 36. Qg3 R6f7 37. Rxf7 Rxf7 38. Qg6 Kg8 39. Bd5 Kh8 40. Qxf7 Kh7 41. Be4+ Kh8 42. Rc8+ 1-0


[Site "https://www.chess.com"]

[Event "Titled Tuesday Blitz March 29 Early 2022"]
[White "Dronavalli, Harika"]
[Black "Pourkashiyan, Atousa"]
[WhiteFideId "5015197"]
[BlackFideId "12502014"]
[WhiteElo "2382"]
[BlackElo "2247"]
[Result "1-0"]
[Round "03"]
[TimeControl "180+1"]
[Date "2022.03.30"]
[WhiteClock "0:00:49"]
[BlackClock "0:00:10"]

1. d4 Nf6 2. c4 e6 3. Nc3 Bb4 4. Bd2 O-O 5. e3 d5 6. Nf3 c5 7. Rc1 Nc6 8. a3 cxd4 9. axb4 dxc3 10. Bxc3 dxc4 11. b5 Ne7 12. Bxc4 Qxd1+ 13. Rxd1 Ned5 14. Bd4 Bd7 15. Ne5 Rfd8 16. Ke2 Be8 17. f3 Rac8 18. Rc1 Nb6 19. Bxb6 axb6 20. Rhd1 Nd7 21. Nxd7 Rxd7 22. b3 Kf8 23. Ra1 Rxd1 24. Kxd1 Rc5 25. Ra8 Ke7 26. Rb8 Bxb5 27. Rxb7+ Kf6 28. Bxb5 Rxb5 29. Kc2 h5 30. Kc3 Rc5+ 31. Kd3 Rb5 32. Kc3 Rc5+ 33. Kb2 h4 34. Rxb6 g5 35. Rb4 Kf5 36. Rc4 Rd5 37. e4+ 1-0


[Site "https://www.chess.com"]

[Event "Titled Tuesday Blitz March 29 Early 2022"]
[White "Hartikainen, Jarmo"]
[Black "Buscar, Michael"]
[WhiteFideId "503134"]
[BlackFideId "2603616"]
[WhiteElo "2068"]
[BlackElo "2010"]
[Result "0-1"]
[Round "03"]
[TimeControl "180+1"]
[Date "2022.03.30"]
[WhiteClock "0:00:09"]
[BlackClock "0:02:09"]

1. e4 c5 2. Nf3 e6 3. d4 cxd4 4. Nxd4 Nc6 5. Nc3 Qc7 6. Be3 a6 7. g3 Nf6 8. Bg2 d6 9. O-O Be7 10. h3 O-O 11. Nde2 b5 12. a3 Bb7 13. Qd2 Ne5 14. b3 Rac8 15. Rad1 Rfd8 16. f4 Ng6 17. Bd4 d5 18. Qe3 Nxe4 19. Bb6 Bc5 20. Qxc5 Qxc5+ 21. Bxc5 Nxc3 22. Nxc3 Rxc5 23. Rd3 Rdc8 24. Rff3 d4 0-1


[Site "https://www.chess.com"]

[Event "Titled Tuesday Blitz March 29 Early 2022"]
[White "Hebden, Mark L"]
[Black "Ronka, Erik"]
[WhiteFideId "400084"]
[BlackFideId "505080"]
[WhiteElo "2457"]
[BlackElo "2264"]
[Result "1-0"]
[Round "03"]
[TimeControl "180+1"]
[Date "2022.03.30"]
[WhiteClock "0:00:15"]
[BlackClock "0:00:03"]

1. d4 d5 2. Nf3 Nf6 3. c4 c6 4. e3 Bf5 5. cxd5 cxd5 6. Qb3 Qc7 7. Bd2 Nc6 8. Bb5 e6 9. O-O Nd7 10. Rc1 Bd6 11. Bxc6 bxc6 12. Bb4 O-O 13. Nbd2 Rab8 14. Bxd6 Qxd6 15. Qc3 Rbc8 16. Nb3 f6 17. Nc5 Bg4 18. Nxd7 Qxd7 19. Nd2 Rfe8 20. Qc5 e5 21. Nb3 h5 22. Qc2 h4 23. f3 Bf5 24. Qf2 g5 25. h3 exd4 26. Nxd4 Bg6 27. Rc5 Qe7 28. Rac1 Qxe3 29. Qxe3 Rxe3 30. Nxc6 Rc7 31. Kf2 Rd3 32. Ke2 d4 33. R1c4 Kg7 34. b4 Rc8 35. Nxd4 Re8+ 36. Kf2 Rd2+ 37. Kg1 Rxa2 38. Rc7+ Kh6 39. R4c6 Ra1+ 40. Kf2 Ra2+ 41. Nc2 Rb2 42. Rxf6 Rd8 43. Rcc6 Rg8 44. Ke3 Kh7 45. f4 Rxc2 46. Rxg6 Rxg2 47. Rxg8 Kxg8 48. Rg6+ Kf7 49. Rxg5 Rh2 50. Ra5 Rxh3+ 51. Ke4 Rb3 52. b5 h3 53. Kf5 h2 54. Rxa7+ Ke8 55. Rh7 Rxb5+ 56. Kg6 Rb6+ 57. Kg5 Kf8 58. Rxh2 Kg7 59. Rc2 Rb1 60. Rc7+ Kf8 61. f5 Rb6 62. Rd7 Ra6 63. Rh7 Rb6 64. Rh6 Rb1 65. Ra6 Rb5 66. Kg6 Rb2 67. Ra8+ Ke7 68. f6+ Ke6 69. Re8+ Kd7 70. f7 Rg2+ 71. Kh5 Rh2+ 72. Kg4 1-0


[Site "https://www.chess.com"]

[Event "Titled Tuesday Blitz March 29 Early 2022"]
[White "Hnydiuk, Aleksander"]
[Black "Avalos Parra, Joao"]
[WhiteFideId "1109057"]
[BlackFideId "3402541"]
[WhiteElo "2374"]
[BlackElo "2173"]
[Result "0-1"]
[Round "03"]
[TimeControl "180+1"]
[Date "2022.03.30"]
[WhiteClock "0:00:02"]
[BlackClock "0:00:12"]

1. e4 c6 2. d4 d5 3. f3 e6 4. Nc3 Bb4 5. Bf4 Nf6 6. Qd3 O-O 7. O-O-O b5 8. g4 Be7 9. Kb1 b4 10. Nce2 Ba6 11. Qe3 Nbd7 12. e5 Ne8 13. h4 Nc7 14. h5 Bc4 15. Nc1 Nb5 16. Bd3 a5 17. Nge2 a4 18. g5 Qb6 19. g6 Bxd3 20. Qxd3 c5 21. h6 fxg6 22. hxg7 Rf5 23. Bd2 c4 24. Qe3 Bg5 25. f4 c3 26. fxg5 cxd2 27. Qxd2 Kxg7 28. Ng3 Nc3+ 29. Ka1 Nxd1 30. Nxf5+ exf5 31. Qxd1 b3 32. cxb3 axb3 33. Nxb3 Nf8 34. Qc2 Ne6 35. Qd3 Ra4 36. Kb1 Rb4 37. Qh3 Nf8 38. e6 Qxe6 39. Rc1 Qe4+ 40. Ka1 Qe7 41. Qc3 Rb7 42. Qc8 Rd7 43. Qb8 Rd8 44. Qb6 Rd7 45. a3 Qxg5 46. Ka2 Qe7 47. Rc6 Rb7 48. Qc5 Qxc5 49. Nxc5 Re7 50. a4 f4 51. Nd3 f3 52. a5 Ra7 53. b4 Nd7 54. Kb3 g5 55. Rd6 g4 56. b5 h6 57. b6 Rxa5 58. Rxd7+ Kg6 59. Kb4 Ra1 60. Ne5+ Kf5 61. Rf7+ Ke4 0-1


[Site "https://www.chess.com"]

[Event "Titled Tuesday Blitz March 29 Early 2022"]
[White "Hoffmann, Asa"]
[Black "Simonovic, Miroslav"]
[WhiteFideId "2001470"]
[BlackFideId "919152"]
[WhiteElo "2117"]
[BlackElo "2043"]
[Result "0-1"]
[Round "03"]
[TimeControl "180+1"]
[Date "2022.03.30"]
[WhiteClock "0:01:58"]
[BlackClock "0:01:46"]

1. d4 Nf6 2. Bg5 e6 3. Nd2 Be7 4. e3 h6 5. Bh4 c5 6. c3 cxd4 7. exd4 d5 8. Bd3 Nc6 9. f4 b6 10. Ngf3 Bb7 11. O-O Qd7 12. Ne5 Qc7 13. Bg3 O-O 14. f5 Nxe5 15. dxe5 Ne4 16. Bxe4 dxe4 17. f6 Bc5+ 18. Kh1 g6 19. Qg4 e3 20. Nf3 Bxf3 21. Rxf3 Kh7 22. Re1 Rad8 23. Bf4 Rh8 24. Bxh6 Kg8 25. Bxe3 Qxe5 26. Bf2 Qxh2# 0-1


[Site "https://www.chess.com"]

[Event "Titled Tuesday Blitz March 29 Early 2022"]
[White "Horak, Martin"]
[Black "Delorme, Alban"]
[WhiteFideId "367095"]
[BlackFideId "623636"]
[WhiteElo "1997"]
[BlackElo "2197"]
[Result "1-0"]
[Round "03"]
[TimeControl "180+1"]
[Date "2022.03.30"]
[WhiteClock "0:00:44"]
[BlackClock "0:00:17"]

1. d4 Nf6 2. Bg5 Ne4 3. h4 d5 4. Nd2 Nxg5 5. hxg5 Bf5 6. e3 e6 7. f4 Nd7 8. g4 Bg6 9. Ngf3 c5 10. c3 Qb6 11. Qb3 c4 12. Qxb6 axb6 13. a3 b5 14. Rc1 Nb6 15. Nh4 Bd3 16. Nhf3 Bxf1 17. Kxf1 Bd6 18. Ne5 Bxe5 19. dxe5 Nd7 20. Nf3 Nc5 21. Nd4 Nd3 22. Rc2 Ra5 23. g6 h6 24. g5 fxg6 25. Nxe6 Kf7 26. Nc7 b4 27. axb4 Ra1+ 28. Kg2 hxg5 29. Rxa1 gxf4 30. exf4 Nxf4+ 31. Kg3 g5 32. Rd1 Rh3+ 33. Kg4 Kg6 34. Nxd5 Rh4+ 35. Kf3 Nd3 36. Rxd3 cxd3 37. Rd2 Kf5 38. Ne3+ Kxe5 39. Rxd3 Rh2 40. Ng4+ 1-0


[Site "https://www.chess.com"]

[Event "Titled Tuesday Blitz March 29 Early 2022"]
[White "Ianov, Viktor"]
[Black "Kobalia, Mikhail"]
[WhiteFideId "14102730"]
[BlackFideId "4119150"]
[WhiteElo "2161"]
[BlackElo "2667"]
[Result "0-1"]
[Round "03"]
[TimeControl "180+1"]
[Date "2022.03.30"]
[WhiteClock "0:00:28"]
[BlackClock "0:00:14"]

1. Nf3 Nf6 2. g3 d5 3. Bg2 c6 4. O-O Bg4 5. d3 Nbd7 6. Nbd2 e5 7. e4 Be7 8. h3 Bh5 9. Re1 dxe4 10. dxe4 O-O 11. Nc4 Qc7 12. a4 Rad8 13. Qe2 Rfe8 14. b3 Bb4 15. Bd2 Bxd2 16. Ncxd2 Nc5 17. Qc4 Ne6 18. c3 Rd7 19. b4 Red8 20. Nf1 Ne8 21. Qb3 Rd3 22. Nh4 Nf6 23. Qc2 Qd7 24. a5 Ng5 25. Kh2 Qe6 26. Re3 Qc4 27. Rc1 Ngxe4 28. Rxd3 Qxd3 29. Kg1 Qxc2 30. Rxc2 Bd1 31. Rc1 Bb3 32. a6 bxa6 33. Nf5 Kf8 34. N1e3 Rd2 35. f3 Nd6 36. Nxd6 Rxd6 37. Bf1 a5 38. bxa5 Nd5 39. Nc4 Bxc4 40. Bxc4 Ne3 41. Be2 Rd2 42. Kf2 Nd5 43. c4 Nb4 44. Ke3 Ra2 45. Rd1 Ke7 46. c5 Nd5+ 47. Kf2 Rxe2+ 48. Kxe2 Nc3+ 49. Kd2 Nxd1 50. Kxd1 Ke6 51. Kd2 Kd5 52. Ke3 Kxc5 53. Ke4 Kb5 54. Kxe5 c5 55. Kd5 c4 56. Kd4 Kb4 0-1


[Site "https://www.chess.com"]

[Event "Titled Tuesday Blitz March 29 Early 2022"]
[White "Ilyasli, Ughur"]
[Black "Bachmann, Axel"]
[WhiteFideId "13416197"]
[BlackFideId "3700488"]
[WhiteElo "2045"]
[BlackElo "2587"]
[Result "1-0"]
[Round "03"]
[TimeControl "180+1"]
[Date "2022.03.30"]
[WhiteClock "0:00:07"]
[BlackClock "0:00:04"]

1. d4 Nf6 2. c4 g6 3. Nc3 Bg7 4. e4 d6 5. Nge2 O-O 6. Ng3 c5 7. d5 e6 8. Be2 exd5 9. cxd5 Re8 10. O-O a6 11. a4 h5 12. f3 h4 13. Nh1 h3 14. g4 Nbd7 15. Nf2 c4 16. Bxc4 Ne5 17. Be2 Qb6 18. Kh1 Qa5 19. Be3 Qb4 20. Qd4 Qxd4 21. Bxd4 Nexg4 22. fxg4 Nxg4 23. Bxg7 Nxf2+ 24. Rxf2 Kxg7 25. Rg1 Re5 26. Bg4 Bxg4 27. Rxg4 Rc8 28. Rf3 b5 29. axb5 axb5 30. Rgf4 b4 31. Rxf7+ Kg8 32. Nb5 Rxe4 33. Nxd6 Rc1+ 34. Rf1 Rxf1+ 35. Rxf1 Rd4 36. Ne8 Kh8 37. d6 b3 38. Kg1 Rd2 39. Rf2 Rd1+ 40. Rf1 Rd2 41. Rf8+ Kh7 42. d7 Kh6 43. Rf7 Rd1+ 44. Kf2 Rd2+ 45. Kg3 Rd3+ 46. Kg4 g5 47. Rf6+ Kh7 48. Rd6 Re3 49. d8=Q Re4+ 50. Kg3 Re3+ 51. Kf2 Re5 52. Qd7+ Kh8 53. Qg7# 1-0


[Site "https://www.chess.com"]

[Event "Titled Tuesday Blitz March 29 Early 2022"]
[White "Jaferian, Koosha"]
[Black "Jumabayev, Rinat"]
[WhiteFideId "12507440"]
[BlackFideId "13702661"]
[WhiteElo "2030"]
[BlackElo "2561"]
[Result "0-1"]
[Round "03"]
[TimeControl "180+1"]
[Date "2022.03.29"]
[WhiteClock "0:00:22"]
[BlackClock "0:00:17"]

1. e4 e6 2. d4 d5 3. Bd3 c5 4. exd5 Qxd5 5. Nc3 Qxd4 6. Nf3 Qd8 7. Bf4 a6 8. O-O Nf6 9. Qe2 Be7 10. Rad1 Nbd7 11. Ne4 O-O 12. Ne5 Nd5 13. Bg3 Qb6 14. c4 Nb4 15. Bb1 Nxe5 16. Bxe5 Nc6 17. Bc3 Nd4 18. Qh5 f5 19. Ng5 h6 20. Nh3 e5 21. Rfe1 Qf6 22. f4 e4 23. Rd2 Be6 24. b3 Rad8 25. Qd1 Rd7 26. Nf2 Rfd8 27. Qc1 Qg6 28. Kh1 Bh4 29. g3 Bxg3 30. hxg3 Qxg3 31. Bxd4 cxd4 32. Bxe4 fxe4 33. Nxe4 Qf3+ 34. Kg1 Bf5 35. Rf2 Qh5 36. Ng3 Qg6 37. Kh2 d3 38. Qd2 Qf6 39. Rg1 Qh4+ 40. Kg2 Qh3+ 41. Kf3 Bg4+ 42. Ke3 Re8# 0-1


[Site "https://www.chess.com"]

[Event "Titled Tuesday Blitz March 29 Early 2022"]
[White "Jarocka, Liwia"]
[Black "Abdusattorov, Nodirbek"]
[WhiteFideId "21807558"]
[BlackFideId "14204118"]
[WhiteElo "1896"]
[BlackElo "2663"]
[Result "0-1"]
[Round "03"]
[TimeControl "180+1"]
[Date "2022.03.30"]
[WhiteClock "0:00:35"]
[BlackClock "0:01:11"]

1. e4 c5 2. Nf3 e6 3. d4 cxd4 4. Nxd4 a6 5. Be2 Nf6 6. Nc3 d6 7. O-O Be7 8. f4 O-O 9. Be3 Nc6 10. Qe1 Bd7 11. a3 Rc8 12. Kh1 Re8 13. Qg3 Bf8 14. e5 Nd5 15. Nxd5 exd5 16. Nxc6 Rxc6 17. Bd3 g6 18. Bd4 Bg7 19. Rae1 dxe5 20. fxe5 Rce6 21. Qf3 Qe7 22. Qxd5 Bc6 23. Qc5 Qxc5 24. Bxc5 Rxe5 25. Rxe5 Rxe5 26. b4 Rg5 27. Rf2 Bb2 28. Bc4 Bd5 29. Bxd5 Rxd5 30. g3 Bxa3 31. Re2 Kg7 32. c4 Rd7 33. Ra2 Bc1 34. Rc2 Rd1+ 35. Kg2 Rd2+ 36. Rxd2 Bxd2 37. b5 axb5 38. cxb5 Kf6 39. Kf3 Ke5 40. Ke2 Kd5 41. Bf2 Bb4 42. Kd3 Bc5 43. Be1 f5 44. h3 Bb6 45. Bd2 Kc5 46. g4 Kxb5 47. gxf5 gxf5 48. Bf4 Kc5 49. Be3+ Kc6 50. Bd2 Kd5 51. Be1 0-1


[Site "https://www.chess.com"]

[Event "Titled Tuesday Blitz March 29 Early 2022"]
[White "Johnson, Ben"]
[Black "Lehtosaari, Mauri"]
[WhiteFideId "2010917"]
[BlackFideId "501999"]
[WhiteElo "2211"]
[BlackElo "2510"]
[Result "0-1"]
[Round "03"]
[TimeControl "180+1"]
[Date "2022.03.30"]
[WhiteClock "0:00:01"]
[BlackClock "0:00:36"]

1. Nf3 d5 2. e3 Nf6 3. c4 c6 4. Nc3 Bg4 5. cxd5 cxd5 6. Qb3 Bxf3 7. Qxb7 Nbd7 8. gxf3 e6 9. Nb5 Rc8 10. Qxa7 Bc5 11. Qa4 O-O 12. Bd3 Ne5 13. Be2 Qb6 14. b4 Be7 15. Bb2 Ra8 16. Qb3 Nxf3+ 17. Bxf3 Qxb5 18. Be2 Qxb4 19. Qxb4 Bxb4 20. Rg1 Be7 21. a4 g6 22. h4 Rfb8 23. Bc3 Ne4 24. Be5 Bd6 25. Bxd6 Nxd6 26. a5 Nc4 27. Bxc4 dxc4 28. Rg4 Rc8 29. Ra3 Rc5 30. a6 Rc6 31. Ke2 h5 32. Rd4 Kg7 33. f4 Raxa6 34. Rxa6 Rxa6 35. Rxc4 Ra1 36. Kf3 Rg1 37. e4 Rg4 38. d4 Rxh4 39. d5 exd5 40. exd5 Kf6 41. Re4 Rh1 42. Rd4 Ke7 43. Kg3 Kd6 44. f5 g5 45. f6 Rf1 0-1


[Site "https://www.chess.com"]

[Event "Titled Tuesday Blitz March 29 Early 2022"]
[White "Kamsky, Gata"]
[Black "Vusatiuk, Vladimir"]
[WhiteFideId "2000024"]
[BlackFideId "14118610"]
[WhiteElo "2645"]
[BlackElo "2157"]
[Result "1-0"]
[Round "03"]
[TimeControl "180+1"]
[Date "2022.03.29"]
[WhiteClock "0:01:06"]
[BlackClock "0:00:05"]

1. d4 Nf6 2. Bf4 e6 3. e3 d5 4. Nd2 Bd6 5. c3 O-O 6. Ngf3 b6 7. Ne5 c5 8. Bd3 Qc7 9. Ndf3 Ba6 10. g4 Bxd3 11. Qxd3 Nc6 12. g5 Ne4 13. Rg1 Ne7 14. h4 Nf5 15. h5 cxd4 16. exd4 b5 17. a3 a5 18. Rc1 Rab8 19. h6 g6 20. Nd2 b4 21. axb4 axb4 22. Nxe4 dxe4 23. Qxe4 bxc3 24. bxc3 Rb2 25. Nd3 Bxf4 26. Qxf4 Qxf4 27. Nxf4 Rc8 28. Nd3 Rb3 29. Kd2 Nd6 30. f3 Nc4+ 31. Ke2 Ra8 32. Rc2 Ra5 33. Nc5 Rba3 34. Rb1 Ra8 35. Kd3 Nd6 36. Rcb2 f6 37. Rb8+ Rxb8 38. Rxb8+ Kf7 39. Rd8 Ke7 40. Rd7+ Ke8 41. Rxd6 fxg5 42. Rxe6+ Kf7 43. Rd6 g4 44. fxg4 Ra1 45. g5 Rg1 46. Rd7+ Kg8 47. Ne6 Rd1+ 48. Ke2 Re1+ 49. Kxe1 Kh8 50. c4 1-0


[Site "https://www.chess.com"]

[Event "Titled Tuesday Blitz March 29 Early 2022"]
[White "Khamzin, Olzhas"]
[Black "Bintang, Rasyid A. Hidayat"]
[WhiteFideId "13701690"]
[BlackFideId "7105355"]
[WhiteElo "2194"]
[BlackElo "2368"]
[Result "1-0"]
[Round "03"]
[TimeControl "180+1"]
[Date "2022.03.30"]
[WhiteClock "0:00:15"]
[BlackClock "0:00:06"]

1. d4 d5 2. Nc3 Nf6 3. Bg5 c6 4. e3 Bf5 5. Bd3 Bxd3 6. cxd3 h6 7. Bh4 Nbd7 8. f4 e6 9. Nf3 Be7 10. Rc1 O-O 11. Qe2 c5 12. O-O cxd4 13. exd4 Rc8 14. Kh1 Ng4 15. Bxe7 Qxe7 16. Nxd5 Qd6 17. Nc3 Qxf4 18. Rce1 Ngf6 19. Ne4 Qg4 20. h3 Qh5 21. Rc1 Nd5 22. Qd2 Qg6 23. Nd6 Rxc1 24. Rxc1 N7f6 25. Ne5 Qg3 26. Qe1 Qxe1+ 27. Rxe1 b6 28. Rc1 Ne8 29. Nb5 a6 30. Na7 Nd6 31. Rc6 Nf5 32. Rc4 b5 33. Rc6 Nb4 34. Rc7 Nxd4 35. Nc8 Nd5 36. Ne7+ Nxe7 37. Rxe7 Nf5 38. Rc7 Nd6 39. Rd7 Nc8 40. Kh2 Nb6 41. Rb7 Nd5 42. Ra7 Nf4 43. Kg3 g5 44. Kf3 f6 45. Ng4 h5 46. Nh6+ Kh8 47. d4 e5 48. dxe5 fxe5 49. Ke4 Ng6 50. Nf7+ Kg8 51. Nxg5 Rf4+ 52. Ke3 Rb4 53. Ne6 Rxb2 54. Rg7+ Kh8 55. Rxg6 Rxa2 56. Ke4 b4 57. Ng5 b3 58. Rb6 b2 59. Kf5 Kg8 60. Kg6 Kf8 61. Ne6+ Ke8 62. Kf6 Kd7 63. Kxe5 a5 64. Kd5 a4 65. Nc5+ Kc7 66. Nxa4 Rxa4 67. Rxb2 h4 68. Ke5 Kd7 69. Kf5 Ra5+ 70. Kg4 Ra4+ 71. Kf3 Ke6 72. Rb5 Ra3+ 73. Kf2 Ra4 74. Rh5 Ra2+ 75. Kg1 Ra4 76. Kh2 Kf6 77. Rh6+ Kg5 78. Rh8 Ra3 79. Rg8+ Kh5 80. Rb8 Kg5 81. Rb5+ Kh6 82. Rb4 Kh5 83. Rc4 Kh6 84. Re4 Kg5 85. Kg1 Ra1+ 86. Kf2 Ra2+ 87. Kf3 Ra3+ 88. Re3 Rxe3+ 89. Kxe3 Kf5 90. Kf3 Kg5 91. Ke4 Kg6 92. Kf4 Kh5 93. Kf5 Kh6 94. Kg4 1-0


[Site "https://www.chess.com"]